AoeStats
← aka_Faris

Arena

510156584Analyzed
1v1 RM · 2d ago on Sep 29, 2026· 14m 59s· 2 players
Game mode
Random Map
Map size
Tiny (2 player)
Population
200
Speed
Normal
Resources
Standard
Victory
Conquest
Starting age
Dark Age
Ending age
Imperial Age
RankedLock teamsTeams togetherTeam positionsShared explorationLock speedFull tech treeHidden civsTurbo modeCheats
Victory
Defeat
1499
+14
🇬🇧 Spanish · United Kingdom
1448
-14
坚定守住,就有办法
9:56 Feudal Age
14:23 Castle Age
12:34 Double-Bit Axe
13:00 Horse Collar
14:07 Fletching
14:37 Loom
aka_Faris
11:23 Feudal Age
9:51 Loom
15:06 Castle Age
15:05 Double-Bit Axe
Connection lost

Rejoining the realm…

Still unreachable

The connection could not be restored.

Session expired

The server has moved on; the page needs a fresh start.